 Dungeon Crawl Stone Soup version 0.31-a0-691-g409c26aa35 (webtiles) character file.

Game seed: 4721655789424333333

102355 qw the Marksgargoyle (level 16, -3/86 HPs)
             Began as a Gargoyle Hunter on Sept 6, 2023.
             Was a High Priest of Okawaru.
             Slain by an angel
             ... wielding a +3 whip of holy wrath
              (7 damage)
             ... on level 2 of the Abyss.
             The game lasted 00:13:58 (24081 turns).

qw the Marksgargoyle (Gargoyle Hunter)             Turns: 24081, Time: 00:13:59

Health: -3/86      AC: 20    Str: 14 (15) XL:     16   Next: 33%
Magic:  23/23      EV: 26    Int: 13 (15) God:    Okawaru [*****.]
Gold:   452        SH:  0    Dex: 27      Spells: 15/15 levels left

rFire   + . .        Y - +3 longbow
rCold   + . .        (shield currently unavailable)
rNeg    + . .        j - +0 troll leather armour
rPois   inf          h - +1 helmet
rElec   +            b - scarf {rC+ rF+}
rCorr   .            y - +0 pair of gloves
SInv    +            v - +0 pair of boots "Epsach" {Int+3 Dex+2}
Will    +....        t - amulet of faith
Stlth   ++           f - +6 ring of dexterity
HPRegen 1.14/turn    c - ring of see invisible
MPRegen 0.18/turn

%: faith
@: about to teleport, heroic, flying, glowing
A: sickness immunity, AC +12, big wings, negative energy resistance 1,
electricity resistance, torment resistance 1, petrification resistance,
[deformed body], [deterioration 2], [frail 2]
a: Renounce Religion, Heroism, Finesse, Duel


You were on level 2 of the Abyss.
You worshipped Okawaru.
Okawaru was extremely pleased with you.
You visited 2 branches of the dungeon, and saw 20 of its levels.
You visited the Abyss 1 time.
You also visited: Gauntlet.

You collected 1558 gold pieces.
You spent 1106 gold pieces at shops.


Innate Abilities, Weirdness & Mutations

You are immune to sickness and miasma.
Your stone body is resilient. (AC +12)
You are immune to poison.
Your large and strong wings let you fly.
You resist negative energy. (rN+)
You are resistant to electric shocks. (rElec)
You are resistant to unholy torment.
You are immune to petrification.
[Armour fits poorly on your strangely shaped body.]
[Your body often deteriorates upon taking damage.]
[You are very frail. (-20% HP)]


   Skills:
 - Level 15.0(20.0) Fighting
 - Level 20.0(25.0) Ranged Weapons
 - Level 7.0(12.0) Armour
 + Level 10.2(15.2) Dodging
 - Level 1.1(6.1) Stealth
 - Level 10.0 Invocations


You had 15 spell levels left.
You didn't know any spells.
Your spell library was empty.

Inventory:

Hand Weapons
 Y - a +3 longbow (weapon)
Armour
 b - a scarf of resistance (worn)
 h - a +1 helmet (worn)
 j - a +0 troll leather armour (worn)
 o - a +2 cloak
 u - a +2 ring mail of cold resistance
 v - the +0 pair of boots "Epsach" (worn) {Int+3 Dex+2}
   (Okawaru gifted it to you on level 11 of the Dungeon)

   Int+3:     It affects your intelligence (+3).
   Dex+2:     It affects your dexterity (+2).
 y - a +0 pair of gloves (worn)
 z - a +2 ring mail of fire resistance
Jewellery
 c - a ring of see invisible (right hand)
 d - a ring of protection from fire
 e - the amulet "Dafog" {rC- Regen+ Int+2 Dex+2}
   (You found it in a Gauntlet)

   [amulet of regeneration]

   Int+2:     It affects your intelligence (+2).
   Dex+2:     It affects your dexterity (+2).
   rC-:       It makes you vulnerable to cold.
   Regen+:    It increases your rate of health regeneration.
 f - a +6 ring of dexterity (left hand)
 r - a ring of resist corrosion
 t - an amulet of faith (around neck)
 B - an amulet of reflection
 C - the ring of Grontol {rN+ Will+ Int-4 Stlth+}
   (You found it in a Gauntlet)

   [ring of willpower]

   Int-4:     It affects your intelligence (-4).
   rN+:       It protects you from negative energy.
   Will+:     It increases your willpower.
   Stlth+:    It makes you more stealthy.
Wands
 p - a wand of digging (8)
Scrolls
 a - 6 scrolls of identify
Potions
 g - 5 potions of enlightenment
 i - 7 potions of curing
 k - 3 potions of might
 m - 2 potions of magic
 n - a potion of mutation
 s - 2 potions of haste
 x - a potion of resistance

Dungeon Overview and Level Annotations

Branches:
Dungeon (15/15)            Temple (0/1) D:7            Lair (5/5) D:8
  Swamp (0/4) Lair:2       Spider (0/4) Lair:3        Slime (0/5) Lair:4
    Orc (0/2) D:11         Vaults (0/5) D:14        Gauntlet (visited)
 Depths: D:15

Altars:
Dithmenos
Fedhas
Gozag
Okawaru
Sif Muna
Vehumet
Wu Jian
Xom
Yredelemnul
Zin
Jiyva

Shops:
D:3 (   D:7 :   D:9 (*((   D:11 [?!!

Annotations:
D:9 1 runed translucent door, qw's ghost, journeyman MiHs
Lair:5 2 runed translucent doors


Message History

The angel hits you but does no damage. x2
You shoot an arrow. The arrow closely misses the angel.
The angel gestures.
The angel is healed somewhat.
You shoot an arrow. The arrow misses the angel.
The angel completely misses you. The angel hits you but does no damage.
You shoot an arrow. The arrow misses the angel.
The angel gestures.
The angel is healed somewhat.
You shoot an arrow. The arrow hits the angel!!
The angel is severely wounded.
The angel gestures.
The angel is healed somewhat.
You shoot an arrow. The arrow hits the angel!
The angel is severely wounded.
The angel gestures.
The angel is healed somewhat.
You shoot an arrow. The arrow completely misses the angel.
The angel hits you but does no damage. x2
You shoot an arrow. The arrow hits the angel!!
The angel is severely wounded.
The angel misses you. x2
You shoot an arrow.
The arrow hits the angel but does no damage.
The angel is severely wounded.
The angel hits you with a +3 whip of holy wrath!
The angel barely misses you.
You shoot an arrow. The arrow hits the angel!
The angel is almost dead.
The angel closely misses you. The angel misses you.
You shoot an arrow. The arrow misses the angel.
The angel gestures.
The angel is healed somewhat.
You shoot an arrow. The arrow misses the angel.
The angel gestures.
The angel is healed somewhat.
You shoot an arrow. The arrow hits the angel!
The angel is almost dead.
The angel hits you with a +3 whip of holy wrath!
You die...

. . . ## # . #
.## . . # #.
### # #
###.##.#.#.# .
. .#....A@...#
..#.
.#.#.#.......#
.. .##
####.#..... ..
# . ## #... #
.. # %. .. # .
. . . # . . ..


You could see an angel.

Vanquished Creatures
  A Hell Sentinel (Abyss:2)
  Kirke (D:14)
  Roxanne (D:14)
  A frost giant (D:12)
  Louise (D:15)
  An orc warlord (D:12)
  An ironbound preserver (D:14)
  A minotaur (Gauntlet)
  Josephine (D:14)
  An entropy weaver (D:14)
  An ettin (D:12)
  Erolcha (D:12)
  2 catoblepae
  7 hydras
  An ogre mage (D:12)
  4 boulder beetles
  4 centaur warriors
  6 two-headed ogres
  6 death yaks
  2 skysharks
  A fire crab (Lair:5)
  A wretched star (Abyss:2)
  7 skeletal warriors (D:14)
  3 bog bodies (Lair:2)
  A deep elf zephyrmancer (D:15)
  A lindwurm (Lair:5)
  4 manticores
  5 cyclopes
  A shining eye (shapeshifter) (D:15)
  15 black mambas
  Joseph (D:8)
  A naga mage (D:15)
  14 elephants
  3 molten gargoyles (Lair:5)
  A torpor snail (Lair:3)
  3 gargoyles
  2 centaur skeletons (D:15)
  12 cane toads
  A hellion (Gauntlet)
  5 rime drakes
  10 komodo dragons
  A yaktaur (D:10)
  4 efreet
  A kobold demonologist (D:11)
  A queen bee (D:11)
  A meliai (D:10)
  4 trolls
  5 polar bears
  A meliai (shapeshifter) (D:12)
  Prince Ribbit (D:6)
  2 hornets
  22 blink frogs
  A wolf spider simulacrum (Gauntlet)
  Grinder (D:5)
  3 raiju (Abyss:2)
  A blink frog (shapeshifter) (D:15)
  11 dream sheep
  Sigmund (D:3)
  12 slime creatures
  4 centaur simulacra (Gauntlet)
  4 shadows
  A vampire (D:11)
  2 humans (D:14)
  8 wyverns
  10 wraiths
  58 yaks
  A ynoxinul (Abyss:2)
  9 basilisks
  5 hogs (D:14)
  4 steam dragons
  2 large abominations (Abyss:2)
  10 vampire mosquitoes
  2 wargs (D:11)
  2 swamp worms (Lair:2)
  A chaos spawn (Abyss:2)
  Duvessa (D:7)
  4 hell hounds
  4 acid dragons
  11 water moccasins
  2 black bears
  A sky beast (D:5)
  7 orc warriors
  13 centaurs
  17 wolves
  2 ogres (D:4)
  2 small abominations (Abyss:2)
  A phantom (D:6)
  A kobold brigand (D:11)
  15 bullfrogs
  3 gnoll sergeants
  A bullfrog (shapeshifter) (D:11)
  5 scorpions
  5 wights
  Dowan (D:7)
  25 killer bees (D:11)
  An electric eel (Lair:2)
  11 howler monkeys
  5 lava snakes (Lair:5)
  3 jellies
  2 wyvern simulacra (Gauntlet)
  2 hounds
  2 gnoll boudas
  3 orc priests
  3 sleepcaps
  3 iguanas
  Ijyb (D:4)
  25 orc wizards
  21 gnolls
  12 adders
  2 shadow imps
  An ufetubus (D:6)
  3 worms
  2 dart slugs
  51 orcs
  7 endoplasms
  5 giant cockroaches
  9 goblins
  10 hobgoblins
  4 jackals (D:3)
  7 quokkas
  9 ball pythons
  3 bats
  3 frilled lizards
  13 kobolds
  9 rats
685 creatures vanquished.

Vanquished Creatures (others)
  A basilisk (D:11)
1 creature vanquished.

Grand Total: 686 creatures vanquished

Notes
Turn   | Place    | Note
-------+----------+-------------------------------------------
     0 | D:1      | qw the Gargoyle Hunter began the quest for the Orb.
     0 | D:1      | Reached XP level 1. HP: 12/12 MP: 1/1
     0 | D:1      | 0 ||| qw: Version: 0.3-a-76-g4403597
     0 | D:1      | 0 ||| qw: Game counter: 9
     0 | D:1      | 0 ||| qw: Melee chars always use a shield: true
     0 | D:1      | 0 ||| qw: God list: Okawaru
     0 | D:1      | 0 ||| qw: Allow faded altars: false
     0 | D:1      | 0 ||| qw: Do Orc after clearing Dungeon:15 true
     0 | D:1      | 0 ||| qw: Do second Lair branch before Depths: true
     0 | D:1      | 0 ||| qw: Lair rune preference: random
     0 | D:1      | 0 ||| qw: Goals: Normal
     0 | D:1      | 0 ||| PLANNING D:1-11
   248 | D:1      | Reached XP level 2. HP: 17/17 MP: 2/2
   675 | D:1      | Reached XP level 3. HP: 18/21 MP: 3/3
  1004 | D:1      | 1004 ||| UPGRADING to +0 cloak.
  1009 | D:1      | 1009 ||| UPGRADING to +6 ring of dexterity.
  1010 | D:1      | 1010 ||| READING 2 scrolls labelled GITEABURHAM.
  1011 | D:1      | 1011 ||| READING scroll labelled CENYOHAJEM.
  1016 | D:1      | 1016 ||| DROPPING scroll of butterflies.
  1034 | D:2      | Reached skill level 5 in Ranged Weapons
  1100 | D:2      | 1100 ||| FLEEEEING.
  1451 | D:2      | You fall into a shaft and drop 1 floor!
  1585 | D:3      | Reached skill level 3 in Fighting
  1610 | D:3      | Found an iron altar of Okawaru.
  1611 | D:3      | 1611 ||| PLANNING OKAWARU WORSHIP
  1611 | D:3      | 1611 ||| UPGRADING to +0 pair of boots.
  1616 | D:3      | 1616 ||| UPGRADING to ring of protection from fire.
  1617 | D:3      | 1617 ||| READING scroll labelled FIWNEAS GABOTT.
  1618 | D:3      | 1618 ||| READING scroll labelled RIPTIK VADDY.
  1619 | D:3      | 1619 ||| READING 2 scrolls of identify.
  1619 | D:3      | 1619 ||| IDENTIFYING lumpy sapphire potion
  1627 | D:3      | Became a worshipper of Warmaster Okawaru
  1628 | D:3      | 1628 ||| PLANNING D:1-11
  1769 | D:2      | Found a faded altar of an unknown god.
  1774 | D:2      | Reached XP level 4. HP: 28/28 MP: 4/4
  1889 | D:2      | 1889 ||| READING 2 scrolls labelled RILEJE GATAUNE.
  1890 | D:2      | 1890 ||| DROPPING scroll of noise.
  2017 | D:3      | Reached skill level 1 in Armour
  2226 | D:3      | Noticed Sigmund
  2242 | D:3      | Killed Sigmund
  2242 | D:3      | Reached * piety under Okawaru
  2243 | D:3      | Reached skill level 6 in Ranged Weapons
  2243 | D:3      | Reached XP level 5. HP: 15/32 MP: 5/5
  2243 | D:3      | Reached XP level 6. HP: 17/37 MP: 6/6
  2462 | D:3      | Found Siagad's Weapon Emporium.
  2655 | D:3      | 2655 ||| UPGRADING to +0 ring mail.
  2665 | D:3      | 2665 ||| DROPPING +0 leather armour.
  2666 | D:3      | 2666 ||| READING scroll labelled SEKYRH OTTASTRO.
  2667 | D:3      | 2667 ||| READING scroll labelled ALYMNE ERHOIMN.
  2729 | D:4      | 2729 ||| INVOKING Heroism.
  2737 | D:4      | 2737 ||| FLEEEEING.
  2738 | D:4      | 2738 ||| FLEEEEING.
  2742 | D:4      | 2742 ||| DRINKING 3 potions of curing.
  2742 | D:4      | 2742 ||| (to cure confusion)
  2753 | D:4      | 2753 ||| FLEEEEING.
  2754 | D:4      | 2754 ||| FLEEEEING.
  2755 | D:4      | 2755 ||| FLEEEEING.
  2756 | D:4      | 2756 ||| FLEEEEING.
  2757 | D:4      | 2757 ||| FLEEEEING.
  2758 | D:4      | 2758 ||| FLEEEEING.
  2759 | D:4      | 2759 ||| FLEEEEING.
  2760 | D:4      | 2760 ||| FLEEEEING.
  2761 | D:4      | 2761 ||| FLEEEEING.
  2762 | D:4      | 2762 ||| FLEEEEING.
  2763 | D:4      | 2763 ||| FLEEEEING.
  2764 | D:4      | 2764 ||| FLEEEEING.
  2765 | D:4      | 2765 ||| FLEEEEING.
  2766 | D:4      | 2766 ||| FLEEEEING.
  2767 | D:4      | 2767 ||| FLEEEEING.
  2768 | D:4      | 2768 ||| FLEEEEING.
  2769 | D:4      | 2769 ||| FLEEEEING.
  2770 | D:4      | 2770 ||| STAIRDANCE
  3036 | D:4      | Noticed Ijyb
  3037 | D:4      | 3037 ||| Stepping ~*~*~tactically~*~*~ (outnumbered).
  3044 | D:4      | 3044 ||| INVOKING Heroism.
  3050 | D:4      | Killed Ijyb
  3067 | D:4      | 3067 ||| FLEEEEING.
  3068 | D:4      | 3068 ||| FLEEEEING.
  3084 | D:4      | 3084 ||| FLEEEEING.
  3085 | D:4      | 3085 ||| FLEEEEING.
  3086 | D:4      | 3086 ||| FLEEEEING.
  3087 | D:4      | 3087 ||| FLEEEEING.
  3088 | D:4      | 3088 ||| FLEEEEING.
  3089 | D:4      | 3089 ||| FLEEEEING.
  3090 | D:4      | 3090 ||| FLEEEEING.
  3091 | D:4      | 3091 ||| FLEEEEING.
  3092 | D:4      | 3092 ||| FLEEEEING.
  3093 | D:4      | 3093 ||| FLEEEEING.
  3094 | D:4      | 3094 ||| FLEEEEING.
  3095 | D:4      | 3095 ||| FLEEEEING.
  3096 | D:4      | 3096 ||| FLEEEEING.
  3097 | D:4      | 3097 ||| FLEEEEING.
  3098 | D:4      | 3098 ||| FLEEEEING.
  3099 | D:4      | 3099 ||| STAIRDANCE
  3146 | D:3      | 3146 ||| UPGRADING to ring of see invisible.
  3148 | D:3      | 3148 ||| READING scroll labelled JOSCHO PEPRAEG.
  3149 | D:3      | 3149 ||| READING scroll labelled MEBASOPHAA.
  3158 | D:4      | Reached skill level 7 in Ranged Weapons
  3249 | D:4      | Reached XP level 7. HP: 43/43 MP: 7/7
  3308 | D:4      | Reached skill level 1 in Invocations
  3409 | D:4      | 3409 ||| INVOKING Heroism.
  3583 | D:5      | Entered Level 5 of the Dungeon
  3587 | D:5      | 3587 ||| STAIRDANCE
  3594 | D:5      | 3594 ||| STAIRDANCE
  3614 | D:5      | 3614 ||| STAIRDANCE
  3641 | D:5      | 3641 ||| STAIRDANCE
  3643 | D:5      | 3643 ||| DRINKING 2 potions of curing.
  3643 | D:5      | 3643 ||| (to cure confusion)
  3647 | D:5      | 3647 ||| DRINKING potion of curing.
  3647 | D:5      | 3647 ||| (to cure confusion)
  3651 | D:5      | 3651 ||| INVOKING Heroism.
  3676 | D:5      | 3676 ||| STAIRDANCE
  3737 | D:5      | Found a shadowy altar of Dithmenos.
  3739 | D:5      | 3739 ||| Stepping ~*~*~tactically~*~*~ (outnumbered).
  3741 | D:5      | 3741 ||| Stepping ~*~*~tactically~*~*~ (outnumbered).
  3745 | D:5      | Reached skill level 3 in Invocations
  3748 | D:5      | 3748 ||| Stepping ~*~*~tactically~*~*~ (retreating).
  3750 | D:5      | 3750 ||| INVOKING Heroism.
  3851 | D:5      | Reached XP level 8. HP: 48/48 MP: 9/11
  3876 | D:5      | 3876 ||| INVOKING Heroism.
  3881 | D:5      | Reached skill level 8 in Ranged Weapons
  4025 | D:5      | 4025 ||| INVOKING Heroism.
  4030 | D:5      | Noticed Grinder
  4031 | D:5      | 4031 ||| Stepping ~*~*~tactically~*~*~ (retreating).
  4032 | D:5      | 4032 ||| Stepping ~*~*~tactically~*~*~ (retreating).
  4033 | D:5      | 4033 ||| Stepping ~*~*~tactically~*~*~ (retreating).
  4034 | D:5      | 4034 ||| Stepping ~*~*~tactically~*~*~ (retreating).
  4038 | D:5      | 4038 ||| INVOKING Heroism.
  4041 | D:5      | Killed Grinder
  4042 | D:5      | Reached skill level 9 in Ranged Weapons
  4340 | D:5      | 4340 ||| UPGRADING to +0 helmet.
  4463 | D:6      | Reached skill level 3 in Armour
  4465 | D:6      | 4465 ||| Stepping ~*~*~tactically~*~*~ (outnumbered).
  4468 | D:6      | 4468 ||| Stepping ~*~*~tactically~*~*~ (outnumbered).
  4470 | D:6      | 4470 ||| INVOKING Heroism.
  4473 | D:6      | Noticed Prince Ribbit
  4474 | D:6      | 4474 ||| Stepping ~*~*~tactically~*~*~ (retreating).
  4475 | D:6      | 4475 ||| Stepping ~*~*~tactically~*~*~ (retreating).
  4476 | D:6      | 4476 ||| Stepping ~*~*~tactically~*~*~ (retreating).
  4481 | D:6      | 4481 ||| INVOKING Heroism.
  4485 | D:6      | HP: 10/51 [orc wizard/+0 spear (4)]
  4486 | D:6      | 4486 ||| READING 2 scrolls of teleportation.
  4489 | D:6      | Killed Prince Ribbit
  4490 | D:6      | Reached skill level 6 in Fighting
  4490 | D:6      | Reached XP level 9. HP: 10/56 MP: 9/12
  4691 | D:6      | 4691 ||| Stepping ~*~*~tactically~*~*~ (outnumbered).
  4700 | D:6      | 4700 ||| DRINKING potion of curing.
  4700 | D:6      | 4700 ||| (to cure confusion)
  4752 | D:6      | 4752 ||| INVOKING Heroism.
  4764 | D:6      | Reached skill level 3 in Dodging
  4865 | D:6      | Reached ** piety under Okawaru
  4998 | D:6      | 4998 ||| SWAPPING to +0 orcbow.
  5003 | D:6      | 5003 ||| DROPPING +0 heavy shortbow.
  5223 | D:6      | 5223 ||| INVOKING Heroism.
  5248 | D:6      | 5248 ||| INVOKING Heroism.
  5374 | D:6      | 5374 ||| DROPPING ring of fire.
  5407 | D:7      | 5407 ||| INVOKING Heroism.
  5410 | D:7      | Reached skill level 10 in Ranged Weapons
  5437 | D:7      | 5437 ||| INVOKING Heroism.
  5484 | D:7      | Found an ornate altar of the Wu Jian Council.
  5639 | D:7      | Found a staircase to the Ecumenical Temple.
  5649 | D:7      | 5649 ||| INVOKING Heroism.
  5684 | D:7      | 5684 ||| INVOKING Heroism.
  5744 | D:7      | Found a shimmering blue altar of Sif Muna.
  5911 | D:7      | Noticed a hornet
  5920 | D:7      | Killed a hornet
  5985 | D:7      | Found Nuvod's Book Shoppe.
  6100 | D:7      | Reached skill level 11 in Ranged Weapons
  6152 | D:7      | Noticed Dowan
  6153 | D:7      | 6153 ||| INVOKING Heroism.
  6155 | D:7      | Killed Dowan
  6155 | D:7      | Noticed Duvessa
  6159 | D:7      | Killed Duvessa
  6406 | D:7      | 6406 ||| Stepping ~*~*~tactically~*~*~ (outnumbered).
  6408 | D:7      | 6408 ||| Stepping ~*~*~tactically~*~*~ (outnumbered).
  6410 | D:7      | 6410 ||| Stepping ~*~*~tactically~*~*~ (retreating).
  6421 | D:7      | 6421 ||| INVOKING Heroism.
  6427 | D:7      | Reached XP level 10. HP: 35/63 MP: 10/13
  6605 | D:8      | Noticed Joseph
  6609 | D:8      | Noticed a two-headed ogre
  6610 | D:8      | 6610 ||| RETREATING.
  6611 | D:8      | 6611 ||| INVOKING Heroism.
  6620 | D:8      | Killed Joseph
  6622 | D:8      | Killed a two-headed ogre
  6626 | D:8      | 6626 ||| FLEEEEING.
  6627 | D:8      | 6627 ||| FLEEEEING.
  6628 | D:8      | 6628 ||| FLEEEEING.
  6631 | D:8      | 6631 ||| STAIRDANCE
  6702 | D:8      | 6702 ||| Stepping ~*~*~tactically~*~*~ (retreating).
  6706 | D:8      | 6706 ||| Stepping ~*~*~tactically~*~*~ (retreating).
  6722 | D:8      | 6722 ||| INVOKING Heroism.
  6725 | D:8      | 6725 ||| Stepping ~*~*~tactically~*~*~ (retreating).
  6726 | D:8      | 6726 ||| Stepping ~*~*~tactically~*~*~ (retreating).
  6727 | D:8      | 6727 ||| Stepping ~*~*~tactically~*~*~ (retreating).
  6728 | D:8      | 6728 ||| STAIRDANCE
  6808 | D:8      | 6808 ||| STAIRDANCE
  6812 | D:8      | 6812 ||| STAIRDANCE
  6913 | D:8      | 6913 ||| FLEEEEING.
  6915 | D:8      | 6915 ||| FLEEEEING.
  6916 | D:8      | 6916 ||| FLEEEEING.
  6917 | D:8      | 6917 ||| FLEEEEING.
  6918 | D:8      | 6918 ||| FLEEEEING.
  6923 | D:8      | 6923 ||| STAIRDANCE
  6925 | D:7      | 6925 ||| UPGRADING to +2 leather armour of poison
                  | resistance.
  6935 | D:7      | 6935 ||| DROPPING +0 ring mail.
  6936 | D:7      | 6936 ||| READING scroll labelled WENO CORCHE.
  7044 | D:8      | 7044 ||| INVOKING Heroism.
  7129 | D:8      | Found a staircase to the Lair.
  7157 | D:8      | Found a shimmering altar of Xom.
  7204 | D:8      | 7204 ||| RETREATING.
  7220 | D:8      | Reached skill level 12 in Ranged Weapons
  7220 | D:8      | 7220 ||| FLEEEEING.
  7302 | D:8      | 7302 ||| INVOKING Heroism.
  7615 | D:8      | Found a radiant altar of Vehumet.
  7649 | D:8      | 7649 ||| PLANNING LAIR
  7649 | D:8      | 7649 ||| READING scroll labelled VEKUFF GEETZA.
  7650 | D:8      | 7650 ||| DRINKING 3 emerald potions.
  7692 | Lair:1   | Entered Level 1 of the Lair of Beasts
  7772 | Lair:1   | Noticed a cane toad
  7773 | Lair:1   | 7773 ||| INVOKING Heroism.
  7774 | Lair:1   | 7774 ||| RETREATING.
  7779 | Lair:1   | Killed a cane toad
  7797 | Lair:1   | Reached *** piety under Okawaru
  7805 | Lair:1   | Reached XP level 11. HP: 68/68 MP: 14/14
  7816 | Lair:1   | Reached skill level 13 in Ranged Weapons
  7853 | Lair:1   | 7853 ||| INVOKING Heroism.
  7865 | Lair:1   | Reached skill level 9 in Fighting
  7884 | Lair:1   | 7884 ||| INVOKING Heroism.
  7889 | Lair:1   | 7889 ||| RETREATING.
  7890 | Lair:1   | 7890 ||| Stepping ~*~*~tactically~*~*~ (retreating).
  7894 | Lair:1   | 7894 ||| Stepping ~*~*~tactically~*~*~ (retreating).
  7898 | Lair:1   | 7898 ||| Stepping ~*~*~tactically~*~*~ (retreating).
  7899 | Lair:1   | 7899 ||| Stepping ~*~*~tactically~*~*~ (retreating).
  7904 | Lair:1   | 7904 ||| RETREATING.
  7905 | Lair:1   | 7905 ||| Stepping ~*~*~tactically~*~*~ (retreating).
  7906 | Lair:1   | 7906 ||| Stepping ~*~*~tactically~*~*~ (retreating).
  7908 | Lair:1   | 7908 ||| Stepping ~*~*~tactically~*~*~ (retreating).
  7911 | Lair:1   | 7911 ||| INVOKING Heroism.
  7991 | Lair:1   | 7991 ||| RETREATING.
  8000 | Lair:1   | 8000 ||| Stepping ~*~*~tactically~*~*~ (retreating).
  8005 | Lair:1   | 8005 ||| INVOKING Heroism.
  8024 | Lair:1   | Reached **** piety under Okawaru
  8059 | Lair:1   | 8059 ||| FLEEEEING.
  8069 | Lair:1   | 8069 ||| STAIRDANCE
  8183 | D:8      | 8183 ||| READING 4 scrolls of identify.
  8183 | D:8      | 8183 ||| IDENTIFYING fizzy golden potion
  8224 | Lair:1   | 8224 ||| READING scroll of enchant weapon.
  8224 | Lair:1   | 8224 ||| ENCHANTING +0 orcbow.
  8240 | Lair:1   | 8240 ||| INVOKING Heroism.
  8248 | Lair:1   | Reached skill level 14 in Ranged Weapons
  8329 | Lair:1   | 8329 ||| RETREATING.
  8512 | Lair:1   | 8512 ||| INVOKING Heroism.
  8597 | Lair:1   | 8597 ||| INVOKING Heroism.
  8809 | Lair:2   | 8809 ||| INVOKING Heroism.
  8872 | Lair:2   | Noticed a catoblepas
  8873 | Lair:2   | 8873 ||| RETREATING.
  8883 | Lair:2   | 8883 ||| Stepping ~*~*~tactically~*~*~ (retreating).
  8884 | Lair:2   | 8884 ||| Stepping ~*~*~tactically~*~*~ (retreating).
  8888 | Lair:2   | 8888 ||| INVOKING Heroism.
  8893 | Lair:2   | 8893 ||| Stepping ~*~*~tactically~*~*~ (retreating).
  8902 | Lair:2   | HP: 10/72 [catoblepas (27)]
  8903 | Lair:2   | 8903 ||| READING 4 scrolls of teleportation.
  8907 | Lair:2   | HP: 8/72 [catoblepas (3)]
  8909 | Lair:2   | 8909 ||| READING 3 scrolls of teleportation.
  8953 | Lair:2   | 8953 ||| INVOKING Heroism.
  8959 | Lair:2   | Killed a catoblepas
  8960 | Lair:2   | Reached skill level 6 in Invocations
  8982 | Lair:2   | Reached XP level 12. HP: 31/77 MP: 16/16
  8990 | Lair:2   | HP: 15/77 [wolf (6)]
  8991 | Lair:2   | 8991 ||| READING 2 scrolls of teleportation.
  9200 | Lair:2   | Reached skill level 6 in Dodging
  9336 | Lair:2   | 9336 ||| INVOKING Heroism.
  9479 | Lair:2   | 9479 ||| RETREATING.
  9487 | Lair:2   | 9487 ||| INVOKING Heroism.
  9671 | Lair:2   | 9671 ||| SWAPPING to +0 longbow.
  9672 | Lair:2   | 9672 ||| INVOKING Heroism.
  9689 | Lair:2   | 9689 ||| DROPPING +1 orcbow.
  9735 | Lair:2   | 9735 ||| INVOKING Heroism.
  9859 | Lair:2   | 9859 ||| INVOKING Heroism.
  9988 | Lair:2   | 9988 ||| INVOKING Heroism.
 10080 | Lair:2   | 10080 ||| INVOKING Heroism.
 10098 | Lair:2   | Found a staircase to the Swamp.
 10308 | Lair:2   | 10308 ||| READING 5 scrolls of identify.
 10308 | Lair:2   | 10308 ||| IDENTIFYING orange potion
 10309 | Lair:2   | 10309 ||| READING 4 scrolls of identify.
 10309 | Lair:2   | 10309 ||| IDENTIFYING cyan potion
 10310 | Lair:2   | 10310 ||| READING 3 scrolls of identify.
 10310 | Lair:2   | 10310 ||| IDENTIFYING fuming blue potion
 10311 | Lair:2   | 10311 ||| DROPPING potion of ambrosia.
 10312 | Lair:2   | 10312 ||| DROPPING potion of lignification.
 10313 | Lair:2   | 10313 ||| DROPPING potion of brilliance.
 10365 | Lair:3   | Noticed a skyshark
 10368 | Lair:3   | 10368 ||| STAIRDANCE
 10390 | Lair:3   | 10390 ||| INVOKING Heroism.
 10392 | Lair:3   | Killed a skyshark
 10393 | Lair:3   | Reached skill level 9 in Invocations
 10393 | Lair:3   | 10393 ||| STAIRDANCE
 10539 | Lair:3   | Noticed a five-headed hydra
 10540 | Lair:3   | 10540 ||| RETREATING.
 10541 | Lair:3   | 10541 ||| INVOKING Heroism.
 10547 | Lair:3   | Killed a five-headed hydra
 10548 | Lair:3   | Reached skill level 15 in Ranged Weapons
 10559 | Lair:3   | 10559 ||| Stepping ~*~*~tactically~*~*~ (retreating).
 10560 | Lair:3   | 10560 ||| Stepping ~*~*~tactically~*~*~ (retreating).
 10561 | Lair:3   | 10561 ||| Stepping ~*~*~tactically~*~*~ (retreating).
 10662 | Lair:3   | Noticed a death yak
 10663 | Lair:3   | 10663 ||| RETREATING.
 10663 | Lair:3   | Noticed a death yak
 10664 | Lair:3   | 10664 ||| INVOKING Heroism.
 10668 | Lair:3   | Killed a death yak
 10689 | Lair:3   | HP: 16/77 [death yak[a torpor snail] (6)]
 10690 | Lair:3   | 10690 ||| READING scroll of teleportation.
 10690 | Lair:3   | HP: 1/77 [death yak[a torpor snail] (15)]
 10694 | Lair:3   | Killed a death yak
 10694 | Lair:3   | Reached ***** piety under Okawaru
 11019 | Lair:3   | 11019 ||| RETREATING.
 11035 | Lair:3   | 11035 ||| RETREATING.
 11036 | Lair:3   | 11036 ||| Stepping ~*~*~tactically~*~*~ (retreating).
 11040 | Lair:3   | Reached XP level 13. HP: 82/82 MP: 20/20
 11063 | Lair:3   | 11063 ||| INVOKING Heroism.
 11164 | Lair:3   | 11164 ||| RETREATING.
 11177 | Lair:3   | 11177 ||| Stepping ~*~*~tactically~*~*~ (retreating).
 11178 | Lair:3   | 11178 ||| Stepping ~*~*~tactically~*~*~ (retreating).
 11179 | Lair:3   | 11179 ||| Stepping ~*~*~tactically~*~*~ (retreating).
 11180 | Lair:3   | 11180 ||| Stepping ~*~*~tactically~*~*~ (retreating).
 11181 | Lair:3   | 11181 ||| Stepping ~*~*~tactically~*~*~ (retreating).
 11182 | Lair:3   | 11182 ||| Stepping ~*~*~tactically~*~*~ (retreating).
 11183 | Lair:3   | 11183 ||| Stepping ~*~*~tactically~*~*~ (retreating).
 11184 | Lair:3   | 11184 ||| Stepping ~*~*~tactically~*~*~ (retreating).
 11185 | Lair:3   | 11185 ||| Stepping ~*~*~tactically~*~*~ (retreating).
 11186 | Lair:3   | 11186 ||| Stepping ~*~*~tactically~*~*~ (retreating).
 11187 | Lair:3   | 11187 ||| Stepping ~*~*~tactically~*~*~ (retreating).
 11187 | Lair:3   | Found a hole to the Spider Nest.
 11188 | Lair:3   | 11188 ||| RETREATING.
 11189 | Lair:3   | 11189 ||| Stepping ~*~*~tactically~*~*~ (retreating).
 11190 | Lair:3   | 11190 ||| Stepping ~*~*~tactically~*~*~ (retreating).
 11191 | Lair:3   | 11191 ||| Stepping ~*~*~tactically~*~*~ (retreating).
 11192 | Lair:3   | 11192 ||| Stepping ~*~*~tactically~*~*~ (retreating).
 11193 | Lair:3   | 11193 ||| Stepping ~*~*~tactically~*~*~ (retreating).
 11194 | Lair:3   | 11194 ||| Stepping ~*~*~tactically~*~*~ (retreating).
 11195 | Lair:3   | 11195 ||| Stepping ~*~*~tactically~*~*~ (retreating).
 11196 | Lair:3   | 11196 ||| Stepping ~*~*~tactically~*~*~ (retreating).
 11197 | Lair:3   | 11197 ||| Stepping ~*~*~tactically~*~*~ (retreating).
 11198 | Lair:3   | 11198 ||| Stepping ~*~*~tactically~*~*~ (retreating).
 11199 | Lair:3   | 11199 ||| Stepping ~*~*~tactically~*~*~ (retreating).
 11200 | Lair:3   | 11200 ||| Stepping ~*~*~tactically~*~*~ (retreating).
 11201 | Lair:3   | 11201 ||| Stepping ~*~*~tactically~*~*~ (retreating).
 11202 | Lair:3   | 11202 ||| Stepping ~*~*~tactically~*~*~ (retreating).
 11203 | Lair:3   | 11203 ||| Stepping ~*~*~tactically~*~*~ (retreating).
 11210 | Lair:3   | 11210 ||| INVOKING Heroism.
 11218 | Lair:3   | 11218 ||| Stepping ~*~*~tactically~*~*~ (retreating).
 11219 | Lair:3   | 11219 ||| Stepping ~*~*~tactically~*~*~ (retreating).
 11220 | Lair:3   | 11220 ||| Stepping ~*~*~tactically~*~*~ (retreating).
 11222 | Lair:3   | Reached skill level 16 in Ranged Weapons
 11227 | Lair:3   | 11227 ||| FLEEEEING.
 11229 | Lair:3   | 11229 ||| FLEEEEING.
 11230 | Lair:3   | 11230 ||| FLEEEEING.
 11231 | Lair:3   | 11231 ||| FLEEEEING.
 11232 | Lair:3   | 11232 ||| FLEEEEING.
 11233 | Lair:3   | 11233 ||| FLEEEEING.
 11234 | Lair:3   | 11234 ||| FLEEEEING.
 11235 | Lair:3   | 11235 ||| FLEEEEING.
 11236 | Lair:3   | 11236 ||| FLEEEEING.
 11237 | Lair:3   | 11237 ||| FLEEEEING.
 11238 | Lair:3   | 11238 ||| FLEEEEING.
 11294 | Lair:3   | 11294 ||| FLEEEEING.
 11295 | Lair:3   | 11295 ||| FLEEEEING.
 11296 | Lair:3   | 11296 ||| STAIRDANCE
 11414 | Lair:3   | 11414 ||| RETREATING.
 11470 | Lair:3   | 11470 ||| RETREATING.
 11497 | Lair:3   | 11497 ||| INVOKING Heroism.
 11507 | Lair:3   | 11507 ||| RETREATING.
 11661 | Lair:3   | 11661 ||| INVOKING Heroism.
 11721 | Lair:3   | 11721 ||| INVOKING Heroism.
 11954 | Lair:3   | 11954 ||| qw: Version: 0.3-a-76-g4403597
 11954 | Lair:3   | 11954 ||| qw: Game counter: 1
 11954 | Lair:3   | 11954 ||| qw: Melee chars always use a shield: true
 11954 | Lair:3   | 11954 ||| qw: Do Orc after clearing Dungeon:15 true
 11954 | Lair:3   | 11954 ||| qw: Do second Lair branch before Depths: true
 11954 | Lair:3   | 11954 ||| qw: Lair rune preference: random
 11954 | Lair:3   | 11954 ||| qw: Goals: Normal
 11954 | Lair:3   | 11954 ||| PLANNING D:1-11
 12193 | D:1      | 12193 ||| PLANNING LAIR
 12587 | Lair:4   | 12587 ||| INVOKING Heroism.
 12590 | Lair:4   | 12590 ||| RETREATING.
 12592 | Lair:4   | 12592 ||| RETREATING.
 12627 | Lair:4   | 12627 ||| INVOKING Heroism.
 12897 | Lair:4   | 12897 ||| INVOKING Heroism.
 12944 | Lair:4   | 12944 ||| RETREATING.
 12954 | Lair:4   | 12954 ||| Stepping ~*~*~tactically~*~*~ (retreating).
 13003 | Lair:4   | 13003 ||| RETREATING.
 13095 | Lair:4   | 13095 ||| Stepping ~*~*~tactically~*~*~ (retreating).
 13096 | Lair:4   | 13096 ||| Stepping ~*~*~tactically~*~*~ (retreating).
 13097 | Lair:4   | 13097 ||| Stepping ~*~*~tactically~*~*~ (retreating).
 13099 | Lair:4   | 13099 ||| INVOKING Heroism.
 13153 | Lair:4   | 13153 ||| INVOKING Heroism.
 13329 | Lair:4   | Reached skill level 17 in Ranged Weapons
 13706 | Lair:4   | Found a viscous altar of Jiyva.
 13706 | Lair:4   | Found a staircase to the Slime Pits.
 13758 | Lair:4   | Found an opulent altar of Gozag.
 13880 | Lair:4   | Identified the staff "Ratut" {rElec rF+ rCorr Fire Poison}
 14108 | Lair:4   | 14108 ||| UPGRADING to scarf of resistance.
 14118 | Lair:4   | 14118 ||| UPGRADING to amulet of the acrobat.
 14123 | Lair:4   | 14123 ||| DRINKING 2 white potions.
 14124 | Lair:4   | 14124 ||| DROPPING potion of attraction.
 14165 | Lair:5   | Entered Level 5 of the Lair of Beasts
 14166 | Lair:5   | 14166 ||| STAIRDANCE
 14207 | Lair:5   | 14207 ||| STAIRDANCE
 14209 | Lair:4   | 14209 ||| Stepping ~*~*~tactically~*~*~ (retreating).
 14210 | Lair:4   | 14210 ||| Stepping ~*~*~tactically~*~*~ (retreating).
 14212 | Lair:4   | 14212 ||| Stepping ~*~*~tactically~*~*~ (retreating).
 14213 | Lair:4   | 14213 ||| Stepping ~*~*~tactically~*~*~ (retreating).
 14215 | Lair:4   | 14215 ||| Stepping ~*~*~tactically~*~*~ (retreating).
 14316 | Lair:5   | 14316 ||| INVOKING Heroism.
 14369 | Lair:5   | 14369 ||| INVOKING Heroism.
 14378 | Lair:5   | 14378 ||| RETREATING.
 14395 | Lair:5   | 14395 ||| Stepping ~*~*~tactically~*~*~ (retreating).
 14405 | Lair:5   | 14405 ||| INVOKING Heroism.
 14409 | Lair:5   | HP: 16/84 [death yak (8)]
 14412 | Lair:5   | Gained mutation: Your large and strong wings let you fly.
                  | [Gargoyle growth]
 14412 | Lair:5   | Reached XP level 14. HP: 18/90 MP: 18/21
 14413 | Lair:5   | HP: 5/90 [death yak (13)]
 14419 | Lair:5   | 14419 ||| INVOKING Finesse.
 14425 | Lair:5   | HP: 3/90 [death yak (3)]
 14473 | Lair:5   | 14473 ||| INVOKING Heroism.
 14913 | Lair:5   | Reached skill level 18 in Ranged Weapons
 14917 | Lair:5   | 14917 ||| RETREATING.
 14927 | Lair:5   | 14927 ||| Stepping ~*~*~tactically~*~*~ (retreating).
 14928 | Lair:5   | 14928 ||| Stepping ~*~*~tactically~*~*~ (retreating).
 14929 | Lair:5   | 14929 ||| Stepping ~*~*~tactically~*~*~ (retreating).
 14930 | Lair:5   | 14930 ||| Stepping ~*~*~tactically~*~*~ (retreating).
 14931 | Lair:5   | 14931 ||| Stepping ~*~*~tactically~*~*~ (retreating).
 14932 | Lair:5   | 14932 ||| Stepping ~*~*~tactically~*~*~ (retreating).
 14953 | Lair:5   | 14953 ||| INVOKING Heroism.
 14972 | Lair:5   | Received a gift from Okawaru
 15100 | Lair:5   | Reached skill level 12 in Fighting
 15130 | Lair:5   | 15130 ||| DROPPING +1 antimagic arbalest.
 15146 | Lair:5   | 15146 ||| RETREATING.
 15148 | Lair:5   | 15148 ||| Stepping ~*~*~tactically~*~*~ (retreating).
 15459 | Lair:5   | 15459 ||| INVOKING Heroism.
 15633 | Lair:5   | 15633 ||| Stepping ~*~*~tactically~*~*~ (outnumbered).
 15671 | Lair:5   | 15671 ||| Stepping ~*~*~tactically~*~*~ (outnumbered).
 15672 | Lair:5   | 15672 ||| Stepping ~*~*~tactically~*~*~ (outnumbered).
 15776 | Lair:5   | Found a large runed translucent door.
 15776 | Lair:5   | Found a large runed translucent door.
 15808 | Lair:5   | 15808 ||| INVOKING Heroism.
 15861 | Lair:5   | 15861 ||| FLEEEEING.
 15862 | Lair:5   | 15862 ||| FLEEEEING.
 15925 | Lair:5   | 15925 ||| FLEEEEING.
 15984 | Lair:5   | 15984 ||| Stepping ~*~*~tactically~*~*~ (retreating).
 15985 | Lair:5   | 15985 ||| Stepping ~*~*~tactically~*~*~ (retreating).
 15986 | Lair:5   | 15986 ||| Stepping ~*~*~tactically~*~*~ (retreating).
 16338 | Lair:5   | 16338 ||| PLANNING D:1-11
 16338 | Lair:5   | 16338 ||| READING scroll labelled DIMEPH PUHYPN.
 16769 | D:9      | 16769 ||| RETREATING.
 16770 | D:9      | 16770 ||| RETREATING.
 16772 | D:9      | 16772 ||| Stepping ~*~*~tactically~*~*~ (retreating).
 16773 | D:9      | 16773 ||| Stepping ~*~*~tactically~*~*~ (retreating).
 16774 | D:9      | 16774 ||| Stepping ~*~*~tactically~*~*~ (retreating).
 16780 | D:9      | Received a gift from Okawaru
 16830 | D:9      | Found a runed translucent door.
 16830 | D:9      | Noticed qw's ghost (journeyman MiHs)
 16886 | D:9      | 16886 ||| INVOKING Heroism.
 17085 | D:9      | Found a glowing silver altar of Zin.
 17121 | D:9      | Found Cickir's Antique Weapon Shop.
 17121 | D:9      | Found Qemexeg's Weapon Shop.
 17126 | D:9      | Found Wuxzerr's Weapon Shop.
 17127 | D:9      | Found Segyonuu's General Store.
 17140 | D:9      | 17140 ||| BUYING potion of curing (39 gold).
 17140 | D:9      | Bought a potion of curing for 39 gold pieces
 17140 | D:9      | 17140 ||| BUYING wand of digging (6) (327 gold).
 17140 | D:9      | Bought a wand of digging (6) for 327 gold pieces
 17204 | D:9      | Found a flagged portal.
 17434 | D:9      | Found a basalt altar of Yredelemnul.
 17506 | D:9      | 17506 ||| DROPPING +0 cloak.
 17507 | D:9      | 17507 ||| READING 4 scrolls of identify.
 17507 | D:9      | 17507 ||| IDENTIFYING inky potion
 17514 | D:10     | Entered Level 10 of the Dungeon
 17724 | D:10     | 17724 ||| READING scroll of enchant weapon.
 17724 | D:10     | 17724 ||| ENCHANTING +0 longbow.
 17728 | D:10     | 17728 ||| READING scroll of enchant weapon.
 17728 | D:10     | 17728 ||| ENCHANTING +1 longbow.
 17828 | D:10     | 17828 ||| Stepping ~*~*~tactically~*~*~ (outnumbered).
 17861 | D:10     | 17861 ||| UPGRADING to +0 steam dragon scales.
 17872 | D:10     | 17872 ||| DROPPING +2 leather armour of poison resistance.
 17908 | D:10     | 17908 ||| INVOKING Heroism.
 18002 | D:10     | 18002 ||| UPGRADING to +1 pair of boots of rampaging.
 18012 | D:10     | 18012 ||| DROPPING +0 pair of boots.
 18013 | D:10     | Identified the +1 hand axe of Eternity {heavy, rElec rPois
                  | rC+ Stlth+}
 18085 | D:10     | 18085 ||| INVOKING Heroism.
 18089 | D:10     | Reached skill level 6 in Armour
 18263 | D:10     | 18263 ||| Stepping ~*~*~tactically~*~*~ (retreating).
 18269 | D:10     | Reached skill level 19 in Ranged Weapons
 18283 | D:10     | 18283 ||| INVOKING Heroism.
 18459 | D:10     | 18459 ||| UPGRADING to +0 troll leather armour.
 18469 | D:10     | 18469 ||| DROPPING +0 steam dragon scales.
 18686 | D:10     | 18686 ||| DROPPING +2 cloak.
 18782 | D:10     | Received a gift from Okawaru
 19091 | D:10     | 19091 ||| READING 3 scrolls of identify.
 19091 | D:10     | 19091 ||| IDENTIFYING fizzy purple potion
 19187 | D:11     | 19187 ||| INVOKING Heroism.
 19251 | D:11     | Reached XP level 15. HP: 97/97 MP: 22/22
 19318 | D:11     | 19318 ||| Stepping ~*~*~tactically~*~*~ (outnumbered).
 19321 | D:11     | 19321 ||| Stepping ~*~*~tactically~*~*~ (outnumbered).
 19340 | D:11     | 19340 ||| FLEEEEING.
 19345 | D:11     | 19345 ||| FLEEEEING.
 19349 | D:11     | 19349 ||| Stepping ~*~*~tactically~*~*~ (outnumbered).
 19352 | D:11     | 19352 ||| Stepping ~*~*~tactically~*~*~ (outnumbered).
 19377 | D:11     | 19377 ||| RETREATING.
 19378 | D:11     | 19378 ||| RETREATING.
 19460 | D:11     | 19460 ||| RETREATING.
 19465 | D:11     | 19465 ||| Stepping ~*~*~tactically~*~*~ (retreating).
 19468 | D:11     | 19468 ||| Stepping ~*~*~tactically~*~*~ (retreating).
 19497 | D:11     | Reached skill level 9 in Dodging
 19664 | D:11     | Found Tinwacuz's Antique Armour Shop.
 19669 | D:11     | 19669 ||| BUYING glowing ring mail (217 gold).
 19669 | D:11     | Bought a glowing ring mail for 217 gold pieces
 19738 | D:11     | Identified the +0 pair of boots "Epsach" {Int+3 Dex+2}
                  | (Okawaru gifted it to you on level 11 of the Dungeon)
 19738 | D:11     | Received a gift from Okawaru
 19790 | D:11     | Found a staircase to the Orcish Mines.
 19914 | D:11     | Found Biemm's Distillery.
 19922 | D:11     | 19922 ||| BUYING potion of might (44 gold).
 19922 | D:11     | Bought a potion of might for 44 gold pieces
 19922 | D:11     | 19922 ||| BUYING potion of might (44 gold).
 19922 | D:11     | Bought a potion of might for 44 gold pieces
 19922 | D:11     | 19922 ||| BUYING potion of resistance (110 gold).
 19922 | D:11     | Bought a potion of resistance for 110 gold pieces
 20027 | D:11     | Found Opaff's Distillery.
 20034 | D:11     | 20034 ||| BUYING 2 potions of enlightenment (130 gold).
 20034 | D:11     | Bought 2 potions of enlightenment for 130 gold pieces
 20034 | D:11     | 20034 ||| BUYING 2 potions of heal wounds (130 gold).
 20034 | D:11     | Bought 2 potions of heal wounds for 130 gold pieces
 20034 | D:11     | 20034 ||| BUYING potion of enlightenment (65 gold).
 20034 | D:11     | Bought a potion of enlightenment for 65 gold pieces
 20034 | D:11     | 20034 ||| SHOPLISTING potion of might (52 gold, have 21).
 20143 | D:11     | Found Nireifu's Magic Scroll Shoppe.
 20151 | D:11     | 20151 ||| SHOPLISTING scroll of teleportation (42 gold,
                  | have 21).
 20173 | D:11     | 20173 ||| PLANNING D
 20173 | D:11     | 20173 ||| UPGRADING to +0 pair of boots "Epsach" {Int+3
                  | Dex+2}.
 20183 | D:11     | 20183 ||| DROPPING +1 pair of boots of rampaging.
 20184 | D:11     | 20184 ||| UPGRADING to amulet of faith.
 20194 | D:11     | 20194 ||| READING scroll labelled JEH NUWOGANAPREN.
 20195 | D:11     | 20195 ||| READING scroll labelled TUMIMA LYCE.
 20202 | D:12     | 20202 ||| PLANNING GAUNTLET
 20261 | D:12     | 20261 ||| INVOKING Heroism.
 20528 | D:12     | Found a gate leading to a gauntlet.
 20529 | D:12     | 20529 ||| DROPPING ring of magical power.
 20530 | D:12     | 20530 ||| READING 3 scrolls of identify.
 20530 | D:12     | 20530 ||| IDENTIFYING sedimented purple potion
 20539 | Gauntlet | Entered a Gauntlet
 20539 | Gauntlet | Found a transporter.
 20539 | Gauntlet | Found a transporter.
 20539 | Gauntlet | Found a transporter.
 20559 | Gauntlet | Found a transporter.
 20563 | Gauntlet | Found a transporter.
 20570 | Gauntlet | Found a transporter.
 20573 | Gauntlet | Found a transporter.
 20581 | Gauntlet | Found a transporter.
 20601 | Gauntlet | Found a transporter.
 20621 | Gauntlet | Found a transporter.
 20623 | Gauntlet | Found a transporter.
 20633 | Gauntlet | Found a transporter.
 20748 | Gauntlet | 20748 ||| DROPPING +3 ring mail.
 20783 | Gauntlet | 20783 ||| INVOKING Heroism.
 20798 | Gauntlet | Identified the amulet "Dafog" {rC- Regen+ Int+2 Dex+2}
 20805 | Gauntlet | 20805 ||| DROPPING amulet of the acrobat.
 20806 | Gauntlet | 20806 ||| READING 2 scrolls of identify.
 20806 | Gauntlet | 20806 ||| IDENTIFYING purple potion
 20866 | Gauntlet | 20866 ||| INVOKING Heroism.
 20932 | Gauntlet | Identified the +1 ring mail of the Leaping Gods {rF+ Int+5}
 20932 | Gauntlet | Identified the ring of Grontol {rN+ Will+ Int-4 Stlth+}
 20932 | Gauntlet | Identified the amulet of Voetsoj {RegenMP rC+ Str+4 Slay-3}
 20979 | Gauntlet | 20979 ||| DROPPING +1 ring mail of the Leaping Gods {rF+
                  | Int+5}.
 20980 | Gauntlet | 20980 ||| DROPPING +1 ring mail of fire resistance.
 20981 | Gauntlet | 20981 ||| DROPPING amulet of Voetsoj {RegenMP rC+ Str+4
                  | Slay-3}.
 21008 | D:12     | 21008 ||| PLANNING D
 21152 | D:12     | Noticed Erolcha
 21160 | D:12     | Killed Erolcha
 21390 | D:12     | Noticed a frost giant
 21391 | D:12     | Noticed an orc warlord
 21392 | D:12     | 21392 ||| RETREATING.
 21397 | D:12     | 21397 ||| INVOKING Heroism.
 21398 | D:12     | 21398 ||| INVOKING Finesse.
 21408 | D:12     | Killed a frost giant
 21416 | D:12     | Killed an orc warlord
 21494 | D:12     | 21494 ||| READING 3 scrolls of identify.
 21494 | D:12     | 21494 ||| IDENTIFYING fuming silvery potion
 21626 | D:13     | 21626 ||| READING scroll of enchant armour.
 21626 | D:13     | 21626 ||| ENCHANTING +0 helmet.
 21845 | D:13     | Reached skill level 20 in Ranged Weapons
 21921 | D:13     | Found a blossoming altar of Fedhas.
 22064 | D:13     | 22064 ||| INVOKING Heroism.
 22304 | D:13     | 22304 ||| UPGRADING to +0 pair of gloves.
 22336 | D:14     | Noticed Roxanne
 22337 | D:14     | 22337 ||| INVOKING Heroism.
 22338 | D:14     | 22338 ||| INVOKING Finesse.
 22368 | D:14     | Killed Roxanne
 22399 | D:14     | 22399 ||| INVOKING Heroism.
 22452 | D:14     | 22452 ||| INVOKING Finesse.
 22493 | D:14     | Found a gate to the Vaults.
 22535 | D:14     | 22535 ||| RETREATING.
 22539 | D:14     | Noticed Josephine
 22540 | D:14     | 22540 ||| Stepping ~*~*~tactically~*~*~ (retreating).
 22542 | D:14     | 22542 ||| Stepping ~*~*~tactically~*~*~ (retreating).
 22583 | D:14     | Killed Josephine
 22589 | D:14     | Noticed Kirke
 22590 | D:14     | 22590 ||| INVOKING Heroism.
 22591 | D:14     | 22591 ||| INVOKING Finesse.
 22597 | D:14     | 22597 ||| RETREATING.
 22598 | D:14     | 22598 ||| DRINKING potion of cancellation.
 22604 | D:14     | 22604 ||| RETREATING.
 22607 | D:14     | 22607 ||| INVOKING Heroism.
 22611 | D:14     | 22611 ||| READING 6 scrolls of teleportation.
 22616 | D:14     | HP: 25/100 [manticore[Kirke] (20)]
 22617 | D:14     | 22617 ||| DRINKING 3 potions of heal wounds.
 22625 | D:14     | 22625 ||| FLEEEEING.
 22626 | D:14     | 22626 ||| FLEEEEING.
 22627 | D:14     | 22627 ||| FLEEEEING.
 22628 | D:14     | 22628 ||| FLEEEEING.
 22629 | D:14     | 22629 ||| FLEEEEING.
 22630 | D:14     | 22630 ||| FLEEEEING.
 22631 | D:14     | 22631 ||| FLEEEEING.
 22634 | D:14     | 22634 ||| READING 5 scrolls of teleportation.
 22635 | D:14     | 22635 ||| Stepping ~*~*~tactically~*~*~ (retreating).
 22636 | D:14     | 22636 ||| Stepping ~*~*~tactically~*~*~ (retreating).
 22636 | D:14     | Found a shimmering altar of Xom.
 22637 | D:14     | 22637 ||| FLEEEEING.
 22638 | D:14     | 22638 ||| FLEEEEING.
 22639 | D:14     | 22639 ||| FLEEEEING.
 22640 | D:14     | 22640 ||| READING 4 scrolls of teleportation.
 22641 | D:14     | 22641 ||| FLEEEEING.
 22642 | D:14     | 22642 ||| FLEEEEING.
 22643 | D:14     | 22643 ||| FLEEEEING.
 22955 | D:14     | 22955 ||| Stepping ~*~*~tactically~*~*~ (retreating).
 22956 | D:14     | 22956 ||| Stepping ~*~*~tactically~*~*~ (retreating).
 22957 | D:14     | 22957 ||| Stepping ~*~*~tactically~*~*~ (retreating).
 22958 | D:14     | 22958 ||| Stepping ~*~*~tactically~*~*~ (retreating).
 22959 | D:14     | 22959 ||| Stepping ~*~*~tactically~*~*~ (retreating).
 22960 | D:14     | 22960 ||| Stepping ~*~*~tactically~*~*~ (retreating).
 22963 | D:14     | 22963 ||| INVOKING Heroism.
 22980 | D:14     | Killed Kirke
 23035 | D:14     | Reached XP level 16. HP: 77/106 MP: 23/23
 23094 | D:14     | 23094 ||| READING scroll of enchant weapon.
 23094 | D:14     | 23094 ||| ENCHANTING +2 longbow.
 23225 | D:15     | Entered Level 15 of the Dungeon
 23244 | D:15     | 23244 ||| INVOKING Heroism.
 23247 | D:15     | 23247 ||| READING 3 scrolls of teleportation.
 23333 | D:15     | Found an iron altar of Okawaru.
 23407 | D:15     | Noticed Louise
 23408 | D:15     | 23408 ||| INVOKING Heroism.
 23409 | D:15     | 23409 ||| INVOKING Finesse.
 23419 | D:15     | Killed Louise
 23783 | D:15     | Reached skill level 15 in Fighting
 23799 | Abyss:2  | Cast into level 2 of the Abyss (a wizard)
 23820 | Abyss:2  | Noticed a Hell Sentinel
 23821 | Abyss:2  | 23821 ||| INVOKING Heroism.
 23822 | Abyss:2  | 23822 ||| INVOKING Finesse.
 23827 | Abyss:2  | HP: 26/108 [Hell Sentinel/damnation (26)]
 23828 | Abyss:2  | 23828 ||| READING 2 scrolls of teleportation.
 23829 | Abyss:2  | 23829 ||| DRINKING 2 potions of heal wounds.
 23843 | Abyss:2  | HP: 23/108 [Hell Sentinel/damnation (40)]
 23844 | Abyss:2  | 23844 ||| DRINKING potion of heal wounds.
 23849 | Abyss:2  | Killed a Hell Sentinel
 24041 | Abyss:2  | 24041 ||| INVOKING Heroism.
 24065 | Abyss:2  | HP: 20/86 [angel/+3 whip of holy wrath (11)]
 24066 | Abyss:2  | 24066 ||| READING scroll of teleportation.
 24067 | Abyss:2  | HP: 9/86 [angel/+3 whip of holy wrath (2)]
 24077 | Abyss:2  | HP: 1/86 [angel/+3 whip of holy wrath (16)]
 24081 | Abyss:2  | Slain by an angel

Levels and vault maps discovered:
D:1:      wheals_arrival_linesprint, layout_loops_corners
D:2:      layout_loops_ring, shapermc_ecumenical_altar_ellora
D:3:      cheibrodos_old_hovel, layout_basic, mainiacjoe_overflow_boulevard,
          serial_shops, shop, uniq_sigmund
D:4:      layout_loops_ring, uniq_ijyb
D:5:      layout_cave_pools, nicolae_dithmenos_the_darkroom, uniq_grinder
D:6:      minmay_inner_zag, layout_basic, uniq_prince_ribbit1
D:7:      layout_loops_corners, amcnicky_altar_gilded, lemuel_blue_sif_altar,
          minmay_temple_entry_wispy, serial_shops, nicolae_book_shop_shelving,
          uniq_duvessa
D:8:      layout_basic, lemuel_round_altar, mainiacjoe_overflow_catwalk,
          lair_entry_dummy, uniq_joseph
D:9:      layout_small_grid, zin_statuary, marbit_many_paths,
          hellmonk_ghost_happy_afterlife, enter_bailey_4,
          minmay_shop_grid_forest
D:10:     kennysheep_windowed_halls, layout_basic
D:11:     regret_index_wax_grids, layout_loops_ring, erik_orc_3, serial_shops,
          shop, kennysheep_little_box,
          nicolae_shop_temple_entry_statues_fountains, shop
D:12:     minmay_containers, layout_basic, gauntlet_entry_generic, uniq_erolcha
D:13:     layout_basic, fedhas_altar_3
D:14:     layout_rooms, hellmonk_vaults_order_and_chaos, xom_teletrap_fun,
          uniq_roxanne, uniq_kirke, uniq_josephine
D:15:     grunt_enter_depths_magical_seal, layout_irregular_city,
          okawaru_metal_pillars_3, uniq_louise
Lair:1:   layout_layer_cave, infiniplex_staircase_pool_2, grunt_megastairs_5
Lair:2:   layout_loops_ring, nicolae_swamp_entry_splash_gauntlet,
          serial_bayou_shore_b, grunt_megastairs_1
Lair:3:   layout_regular_city, nicolae_spider_entry_non_spiders,
          nicolae_lair_lil_pond, grunt_megastairs_2
Lair:4:   layout_long_grid, dpeg_slime_entry_enclosed,
          portal_ice_cave_entry_pillars_1, enter_volcano_1,
          chequers_serial_rivers_room_b, lemuel_centaur_altar
Lair:5:   cheibrodos_lair_end_hotspot, layout_gridlike
Abyss:2:  base: Lair:2, spicy_abyss_unhelpful_harpoons

Skill      XL: |  1  2  3  4  5  6  7  8  9 10 11 12 13 14 15 16 |
---------------+-------------------------------------------------+-----
Ranged Weapons | 5 6 7 9 11 12 14 15 17 19 20 | 20.0
Fighting       | 3 4 6 7 8 10 11 12 14 15 | 15.0
Armour         | 1 2 3 4 5 6 7 |  7.0
Dodging        | 2 3 5 6 7 8 9 10 | 10.2
Invocations    | 4 6 10 | 10.0
Stealth        | |  1.1

Action                     |  1- 3 |  4- 6 |  7- 9 | 10-12 | 13-15 | 16-18 || total
---------------------------+-------+-------+-------+-------+-------+-------++-------
  Melee: Unarmed           |       |       |       |       |     5 |       ||     5
   Fire: Shortbow          |   113 |   113 |   214 |       |       |       ||   440
         Orcbow            |       |       |   133 |   477 |       |       ||   610
         Longbow           |       |       |       |   150 |  1619 |   234 ||  2003
 Invoke: Heroism           |       |     2 |    17 |    25 |    32 |     4 ||    80
         Finesse           |       |       |       |       |     5 |     2 ||     7
    Use: Scroll            |     5 |     5 |     1 |    11 |    14 |     4 ||    40
         Potion            |       |     1 |     3 |     1 |     3 |     2 ||    10
 Armour: Leather armour    |    27 |    11 |       |   177 |   273 |       ||   488
         Ring mail         |       |    26 |   169 |    37 |       |       ||   232
         Steam dragon scal |       |       |       |       |    37 |       ||    37
         Troll leather arm |       |       |       |       |   133 |    58 ||   191
         Skin              |       |       |       |       |     7 |       ||     7
  Dodge: Dodged            |    33 |    35 |   172 |   251 |   689 |    56 ||  1236

Table legend:
 A = Non-vault XP
 B = Vault XP
 C = Vault XP percentage of total XP
 D = Non-vault monster count
 E = Vault monster count
 F = Vault count percentage of total count
                 A         B        C        D         E       F
            +---------+---------+-------+---------+---------+-------
      Total |   94125 |   52097 |  35.6 |     483 |     200 |  29.3
            +---------+---------+-------+---------+---------+-------
        D:1 |      37 |       0 |   0.0 |      22 |       0 |   0.0
        D:2 |      31 |       0 |   0.0 |      20 |       0 |   0.0
        D:3 |      40 |     233 |  85.3 |      14 |       2 |  12.5
        D:4 |     452 |      35 |   7.2 |      31 |       1 |   3.1
        D:5 |     891 |     262 |  22.7 |      25 |       1 |   3.8
        D:6 |     780 |     592 |  43.1 |      29 |       7 |  19.4
        D:7 |    1627 |     222 |  12.0 |      30 |       2 |   6.2
        D:8 |    2077 |     498 |  19.3 |      19 |       1 |   5.0
        D:9 |    3369 |     187 |   5.3 |      22 |       6 |  21.4
       D:10 |     626 |    6708 |  91.5 |      13 |      20 |  60.6
       D:11 |    2935 |    9574 |  76.5 |      12 |      65 |  84.4
       D:12 |    1584 |    6744 |  81.0 |       8 |       8 |  50.0
       D:13 |    5563 |       0 |   0.0 |      10 |       0 |   0.0
       D:14 |    9234 |    7726 |  45.6 |      27 |      15 |  35.7
       D:15 |    6400 |    3141 |  32.9 |      13 |       5 |  27.8
     Lair:1 |    7373 |     298 |   3.9 |      29 |       2 |   6.5
     Lair:2 |    5248 |    5406 |  50.7 |      19 |      15 |  44.1
     Lair:3 |   13921 |     852 |   5.8 |      41 |      10 |  19.6
     Lair:4 |    9498 |     455 |   4.6 |      37 |       4 |   9.8
     Lair:5 |   16836 |    6332 |  27.3 |      49 |      26 |  34.7
    Abyss:2 |    5603 |       0 |   0.0 |      13 |       0 |   0.0
   Gauntlet |       0 |    2832 | 100.0 |       0 |      10 | 100.0
            +---------+---------+-------+---------+---------+-------
